[Event "Friday 27 April Rapid Engine Tour 12+1 Rounds 9 Starts 1600ST"]
[Site "Infinity Chess"]
[Date "2018.4.27"]
[Round "1"]
[White "ocirema"]
[Black "coreoptimist"]
[Result "1/2-1/2"]
[ECO "C55"]
[WhiteElo "2451"]
[BlackElo "2351"]
[WhiteEngine "asmFishW_2018-04-24_popcnt"]
[BlackEngine "asmFishW_2018-04-25_bmi2_CTG"]
[EventType "Swiss"]
[WhiteTeam ""]
[BlackTeam ""]
[PlyCount "105"]
[TimeControl "720+1"]

1. e4 e5 2. Nf3 Nc6 3. Bc4 Nf6 4. d3 Bc5 5. c3 d6 6. O-O O-O 7. Re1 a5 8. h3 h6 
9. Nbd2 Be6 10. a4 Ba7 11. b3 d5 12. exd5 Nxd5 13. Ne4 Re8 14. Bd2 Nf6 
15. Qe2 Qe7 16. Bb5 Bxb3 17. c4 Nxe4 18. Qxe4 Rad8 19. Bxc6 bxc6 20. Bc3 Qd6 
21. Bxe5 Qxd3 22. Qg4 Qg6 23. Qxg6 fxg6 24. Bxc7 Rxe1+ 25. Rxe1 Rd1 
26. Rxd1 Bxd1 27. Ne5 Bxa4 28. Bxa5 g5 29. Bc3 Bb8 30. c5 Ba7 31. Bd4 Bb8 
32. f3 Bxe5 33. Bxe5 Kf7 34. Kf2 Bb3 35. Ke3 Bc4 36. Kf2 Kg6 37. g3 Kf7 
38. g4 g6 39. Kg3 Ke6 40. Bd4 Kd5 41. Bg7 h5 42. Bf8 Kd4 43. Bd6 Bd5 44. Be7 Bf7 
45. Bxg5 Kxc5 46. Be7+ Kd5 47. Bg5 c5 48. Be7 c4 49. Bf6 hxg4 50. fxg4 Ke4 
51. h4 Kd3 52. h5 gxh5 53. gxh5 1/2-1/2

[Event "Friday 27 April Rapid Engine Tour 12+1 Rounds 9 Starts 1600ST"]
[Site "Infinity Chess"]
[Date "2018.4.27"]
[Round "1"]
[White "hafaba"]
[Black "Thinker"]
[Result "1/2-1/2"]
[ECO "C77"]
[WhiteElo "2400"]
[BlackElo "2466"]
[WhiteEngine "Eman 1.70-beta21 64-bit POPCNT_CTG"]
[BlackEngine "BrainFish_180418_x64_modern_CTG"]
[EventType "Swiss"]
[WhiteTeam ""]
[BlackTeam ""]
[PlyCount "83"]
[TimeControl "720+1"]

1. e4 e5 2. Nf3 Nc6 3. Bb5 a6 4. Ba4 Nf6 5. O-O Be7 6. Re1 b5 7. Bb3 O-O 
8. c3 d5 9. exd5 Nxd5 10. Nxe5 Nxe5 11. Rxe5 c6 12. d4 Bd6 13. Re1 Qh4 
14. g3 Qh3 15. Be3 Be6 16. Nd2 Bg4 17. Qc2 Bf5 18. Qc1 Bg4 19. a4 Rfe8 
20. Bxd5 cxd5 21. axb5 axb5 22. Rxa8 Rxa8 23. Qc2 Bd7 24. Qd1 h5 25. Qf3 Qf5 
26. Qxf5 Bxf5 27. Nb3 Ra2 28. Bc1 f6 29. Nc5 g5 30. f3 Kf7 31. Kg2 h4 
32. Re2 Ra1 33. Re1 Ra2 34. Kf2 Ra1 35. Kg2 Ra8 36. Kf2 hxg3+ 37. hxg3 Rh8 
38. Kg2 Bh3+ 39. Kh2 Bf5+ 40. Kg2 Bh3+ 41. Kf2 Bf5 42. Kg2 1/2-1/2

[Event "Friday 27 April Rapid Engine Tour 12+1 Rounds 9 Starts 1600ST"]
[Site "Infinity Chess"]
[Date "2018.4.27"]
[Round "1"]
[White "Katzenmaier"]
[Black "Cepri"]
[Result "1/2-1/2"]
[ECO "A20"]
[WhiteElo "2480"]
[BlackElo "2401"]
[WhiteEngine "Raubfisch ME262_GTZ17a."]
[BlackEngine "asmfishw_25A18b_CTG"]
[EventType "Swiss"]
[WhiteTeam ""]
[BlackTeam ""]
[PlyCount "108"]
[TimeControl "720+1"]

1. c4 e5 2. e3 Nf6 3. Nc3 Bb4 4. Nge2 O-O 5. a3 Be7 6. d4 exd4 7. Qxd4 Re8 
8. Ng3 g6 9. Be2 h5 10. b3 Nc6 11. Qd2 Bf8 12. Bb2 d6 13. f3 Bg7 14. Rd1 h4 
15. Nge4 Nxe4 16. Nxe4 Bxb2 17. Qxb2 Rxe4 18. fxe4 Qg5 19. O-O Qxe3+ 20. Rf2 Be6 
21. Rd3 Qb6 22. Qd2 a5 23. e5 Bf5 24. Rd5 dxe5 25. Bd1 Be6 26. Rb5 Qa7 
27. Bf3 Rd8 28. Qe1 Nd4 29. Rxe5 Nxf3+ 30. gxf3 Qb6 31. b4 Qd4 32. Re4 Qf6 
33. Qe3 h3 34. Rd2 Rxd2 35. Qxd2 b5 36. Kf2 axb4 37. axb4 bxc4 38. Rd4 g5 
39. Rd8+ Kg7 40. Qd4 Qxd4+ 41. Rxd4 f5 42. Rd8 Kf6 43. b5 Ke5 44. Re8 g4 
45. fxg4 fxg4 46. Ke3 c3 47. Kd3 Kf5 48. Kxc3 g3 49. hxg3 Bd5 50. Rh8 Kg4 
51. Rh7 Kxg3 52. Rxc7 h2 53. Rh7 h1=Q 54. Rxh1 Bxh1 1/2-1/2

[Event "Friday 27 April Rapid Engine Tour 12+1 Rounds 9 Starts 1600ST"]
[Site "Infinity Chess"]
[Date "2018.4.27"]
[Round "1"]
[White "angriff"]
[Black "Marsell"]
[Result "1/2-1/2"]
[ECO "D15"]
[WhiteElo "2408"]
[BlackElo "2482"]
[WhiteEngine "DracoREX 3.07 64BIT POPCNT_CTG"]
[BlackEngine "BrainFish_180418_x64_bmi2"]
[EventType "Swiss"]
[WhiteTeam ""]
[BlackTeam ""]
[PlyCount "92"]
[TimeControl "720+1"]

1. d4 d5 2. c4 c6 3. Nf3 Nf6 4. Nc3 e6 5. e3 Nbd7 6. Qc2 Bd6 7. Bd3 O-O 
8. O-O dxc4 9. Bxc4 b5 10. Bd3 Bb7 11. a3 h6 12. e4 e5 13. h3 Re8 14. Be3 Qc7 
15. Rad1 a6 16. dxe5 Nxe5 17. Nxe5 Bxe5 18. f4 Bxc3 19. bxc3 c5 20. e5 Nd5 
21. Bc1 c4 22. Bh7+ Kh8 23. Be4 Rad8 24. Bxd5 Rxd5 25. Rxd5 Bxd5 26. Be3 Qe7 
27. Rd1 Rd8 28. Ra1 Qh4 29. Bb6 Rb8 30. Qf2 Qh5 31. Bc5 Qf5 32. Rd1 Bb7 
33. g4 Qe4 34. Kh2 a5 35. Rd4 Qh1+ 36. Kg3 Kh7 37. Rd6 Bd5 38. Qd2 Qf3+ 
39. Kh4 Be6 40. Qe3 g5+ 41. fxg5 hxg5+ 42. Qxg5 Rg8 43. Qh5+ Kg7 44. Qg5+ Kh7 
45. Qh5+ Kg7 46. Qg5+ Kh7 1/2-1/2

[Event "Friday 27 April Rapid Engine Tour 12+1 Rounds 9 Starts 1600ST"]
[Site "Infinity Chess"]
[Date "2018.4.27"]
[Round "1"]
[White "Victorious"]
[Black "KhalidOmar"]
[Result "1/2-1/2"]
[ECO "B90"]
[WhiteElo "2505"]
[BlackElo "2415"]
[WhiteEngine "asmFishW_2018-04-24_popcnt"]
[BlackEngine "Eman 1.70-beta27 64-bit BMI2"]
[EventType "Swiss"]
[WhiteTeam ""]
[BlackTeam ""]
[PlyCount "116"]
[TimeControl "720+1"]

1. e4 c5 2. Nf3 d6 3. d4 cxd4 4. Nxd4 Nf6 5. Nc3 a6 6. Be3 e5 7. Nb3 Be6 
8. f3 Nbd7 9. Qd2 Be7 10. g4 O-O 11. O-O-O b5 12. g5 Nh5 13. Kb1 Nb6 14. Na5 Rc8 
15. a3 Qc7 16. h4 g6 17. Bh3 Rb8 18. Bxb6 Qxb6 19. Nd5 Bxd5 20. exd5 Nf4 
21. Qc3 Bd8 22. Nc6 Rb7 23. Qb4 Qc7 24. Qe4 Qb6 25. Qb4 Qc7 26. Qe4 a5 
27. c3 Qb6 28. Rd2 f5 29. gxf6 Rxf6 30. Rdh2 Rg7 31. Bg4 h5 32. Bh3 Kh7 
33. Bg2 Rg8 34. Bf1 Qc5 35. Rd2 Bb6 36. Kc2 Ra8 37. Kb1 Rf7 38. Rd1 Kg7 
39. Ka1 Rg8 40. Ka2 Kh6 41. Kb1 g5 42. hxg5+ Rxg5 43. Qe1 Nxd5 44. Qd2 Ne3 
45. Qxd6+ Kg7 46. Qxc5 Bxc5 47. Re1 Nxf1 48. Rhxf1 h4 49. Nxe5 Rff5 50. f4 Rg3 
51. b4 axb4 52. axb4 Bd6 53. Nf3 h3 54. Ng5 Rxc3 55. Rg1 h2 56. Ne4+ hxg1=Q+ 
57. Rxg1+ Kh6 58. Nxc3 Bxb4 1/2-1/2

[Event "Friday 27 April Rapid Engine Tour 12+1 Rounds 9 Starts 1600ST"]
[Site "Infinity Chess"]
[Date "2018.4.27"]
[Round "1"]
[White "Eman"]
[Black "xeonrocks"]
[Result "1/2-1/2"]
[ECO "C77"]
[WhiteElo "2440"]
[BlackElo "2544"]
[WhiteEngine "Eman 1.70-beta27 64-bit BMI2"]
[BlackEngine "Stockfish_x64_bmi2_CTG"]
[EventType "Swiss"]
[WhiteTeam ""]
[BlackTeam ""]
[PlyCount "61"]
[TimeControl "720+1"]

1. e4 e5 2. Nf3 Nc6 3. Bb5 a6 4. Ba4 Nf6 5. O-O Be7 6. Re1 b5 7. Bb3 O-O 
8. a4 b4 9. a5 d6 10. d3 Be6 11. Bxe6 fxe6 12. c3 Rb8 13. h3 d5 14. Qe2 Qd7 
15. Be3 bxc3 16. bxc3 d4 17. cxd4 exd4 18. Bd2 Nh5 19. Na3 Bb4 20. Reb1 Bxa3 
21. Rxb8 Rxb8 22. Rxa3 Rb1+ 23. Be1 Nf4 24. Qa2 Rd1 25. Qc2 Rc1 26. Qd2 Qd6 
27. Rb3 Rc3 28. Qd1 Rc1 29. Qd2 Rc3 30. Qd1 Rc1 31. Qd2 1/2-1/2

[Event "Friday 27 April Rapid Engine Tour 12+1 Rounds 9 Starts 1600ST"]
[Site "Infinity Chess"]
[Date "2018.4.27"]
[Round "1"]
[White "Pirate"]
[Black "star99"]
[Result "1/2-1/2"]
[ECO "B53"]
[WhiteElo "2551"]
[BlackElo "2446"]
[WhiteEngine "BrainFish_180423_x64_bmi2_CTG"]
[BlackEngine "Cryptic Heroes 9.4B"]
[EventType "Swiss"]
[WhiteTeam ""]
[BlackTeam ""]
[PlyCount "100"]
[TimeControl "720+1"]

1. e4 c5 2. Nf3 d6 3. d4 Nf6 4. Nc3 cxd4 5. Nxd4 Nc6 6. Bg5 e6 7. Qd2 Be7 
8. O-O-O O-O 9. f4 Nxd4 10. Qxd4 h6 11. h4 Qc7 12. Kb1 Rd8 13. g4 Bd7 
14. Rh3 Rac8 15. Qd2 Qa5 16. Bd3 Rxc3 17. bxc3 Bc6 18. Qe1 Qb6+ 19. Ka1 Qc5 
20. Bxf6 Bxf6 21. Bf1 g6 22. g5 hxg5 23. hxg5 Bg7 24. e5 Rd7 25. Rhd3 Bd5 
26. c4 dxe5 27. c3 e4 28. Rd4 b5 29. cxd5 Rxd5 30. Be2 a6 31. Kb2 Bxd4 
32. cxd4 Rxd4 33. Qc3 Qxc3+ 34. Kxc3 Ra4 35. Rd2 Kg7 36. Rb2 e3 37. Rb4 Rxa2 
38. Kd3 Ra3+ 39. Kd4 Kf8 40. Bd3 Ke7 41. Rb1 Kd6 42. Kxe3 e5 43. fxe5+ Kxe5 
44. Rf1 Ra4 45. Rxf7 Rg4 46. Rf6 Rxg5 47. Rxa6 Rg3+ 48. Ke2 b4 49. Rb6 Kf4 
50. Bxg6 Ke5 1/2-1/2

[Event "Friday Night Engine Tour 13 rd Swiss 3m+1s Starts at 2200hrs ST"]
[Site "Infinity Chess"]
[Date "2018.4.14"]
[Round "12"]
[White "Cepri"]
[Black "Arch Stanton"]
[Result "1/2-1/2"]
[ECO "C50"]
[WhiteElo "2498"]
[BlackElo "2519"]
[WhiteEngine "asmfishw_08A18b_CTG"]
[BlackEngine "stockfish_18041209_x64_bmi2_CTG"]
[EventType "Swiss"]
[WhiteTeam ""]
[BlackTeam ""]
[PlyCount "84"]
[TimeControl "180+1"]

1. e4 e5 2. Nf3 Nc6 3. Bc4 Bc5 4. O-O Nf6 5. d3 d6 6. c3 O-O 7. h3 a5 8. Nbd2 h6 
9. Re1 Be6 10. b3 Bb6 11. a4 d5 12. Bb5 Ne7 13. exd5 Nfxd5 14. Qc2 c6 
15. Bc4 Ng6 16. d4 Ndf4 17. dxe5 Nh4 18. Bf1 Bd5 19. Re4 Nfg6 20. Bc4 Re8 
21. g3 Nxf3+ 22. Nxf3 Qd7 23. Bxd5 cxd5 24. Rg4 Qc6 25. Nd4 Bxd4 26. Rxd4 Nxe5 
27. Kg2 b5 28. axb5 Qxb5 29. Qd1 Qb7 30. Rxd5 a4 31. f3 axb3 32. Rxa8 Rxa8 
33. Rxe5 b2 34. Bxb2 Qxb2+ 35. Qe2 Qxc3 36. Re8+ Rxe8 37. Qxe8+ Kh7 
38. Qxf7 Qd2+ 39. Kf1 Qd1+ 40. Kg2 Qd2+ 41. Kf1 Qd1+ 42. Kg2 Qd2+ 1/2-1/2

[Event "Friday Night Engine Tour 13 rd Swiss 3m+1s Starts at 2200hrs ST"]
[Site "Infinity Chess"]
[Date "2018.4.14"]
[Round "12"]
[White "MGR"]
[Black "star99"]
[Result "1/2-1/2"]
[ECO "B32"]
[WhiteElo "2510"]
[BlackElo "2508"]
[WhiteEngine "Cfish 2018-04-08 64 NUMA BMI2_CTG"]
[BlackEngine "Cryptic Heroes 9.4B"]
[EventType "Swiss"]
[WhiteTeam ""]
[BlackTeam ""]
[PlyCount "161"]
[TimeControl "180+1"]

1. e4 c5 2. Nf3 Nc6 3. d4 cxd4 4. Nxd4 e5 5. Nb5 Nf6 6. N1c3 d6 7. Bg5 a6 
8. Na3 b5 9. Bxf6 gxf6 10. Nd5 f5 11. Bd3 Be6 12. O-O f4 13. c4 b4 14. Qa4 Rc8 
15. Nc2 a5 16. a3 Bd7 17. axb4 Nxb4 18. Qa3 Nxd5 19. cxd5 Be7 20. Rfc1 Qb6 
21. Qxa5 Qxb2 22. Rab1 Qc3 23. Qxc3 Rxc3 24. Nb4 Rxc1+ 25. Rxc1 Bd8 26. Ra1 O-O 
27. Ra6 Kg7 28. Kf1 Bc8 29. Rxd6 Ba5 30. Nc2 Bb7 31. g3 Rb8 32. Kg2 Bc8 
33. Rc6 Bd7 34. Ra6 Bb6 35. gxf4 exf4 36. e5 Bc5 37. Ra5 Bb6 38. Ra3 Re8 
39. Rb3 Bc5 40. Rb7 Ba4 41. Bb5 Bb3 42. Bc6 Bc4 43. e6 Re7 44. Rxe7 Bxe7 
45. Nd4 Bd3 46. Kf3 Bd6 47. h4 f5 48. Bb5 Be4+ 49. Ke2 f3+ 50. Kd1 Bc5 
51. Nb3 Bb4 52. Nd4 Bc5 53. Bc4 Kf6 54. Nc6 f4 55. Ke1 h6 56. Nd8 Bg6 
57. Nc6 Be4 58. Nd8 Bg6 59. Nb7 Bb4+ 60. Kf1 Ke7 61. Kg1 Be4 62. Kh2 Bb1 
63. Kg1 Bf5 64. Kh2 Bc2 65. Kh1 Bf5 66. h5 Bg4 67. Kh2 Bf5 68. Kg1 Bb1 
69. Bb3 Bf5 70. Kh2 Be4 71. Kg1 Bb1 72. Ba4 Bd3 73. Kh2 Bb1 74. Bb5 Bf5 
75. Bc6 Bg4 76. Ba4 Bf5 77. Bd7 Bb1 78. Kh3 Bf5+ 79. Kh2 Bb1 80. Kh3 Bf5+ 
81. Kh2 1/2-1/2

[Event "Friday Night Engine Tour 13 rd Swiss 3m+1s Starts at 2200hrs ST"]
[Site "Infinity Chess"]
[Date "2018.4.14"]
[Round "12"]
[White "alexxx97"]
[Black "MCDermont"]
[Result "1/2-1/2"]
[ECO "C55"]
[WhiteElo "2373"]
[BlackElo "2581"]
[WhiteEngine "stockfish_x64_modern_CTG"]
[BlackEngine "BrainFish 090218"]
[EventType "Swiss"]
[WhiteTeam ""]
[BlackTeam ""]
[PlyCount "122"]
[TimeControl "180+1"]

1. e4 e5 2. Nf3 Nc6 3. Bc4 Nf6 4. d3 Bc5 5. O-O d6 6. c3 O-O 7. Nbd2 a5 
8. Re1 Be6 9. Bb5 Ne7 10. Ba4 Ng6 11. h3 Bb6 12. d4 Nh5 13. Nf1 exd4 
14. Nxd4 Nhf4 15. Ng3 Bxd4 16. cxd4 d5 17. Qf3 Qh4 18. Bb3 c6 19. exd5 Bxd5 
20. Bxd5 Nxd5 21. Nf5 Qd8 22. Re4 Re8 23. Bd2 Rxe4 24. Qxe4 Nf6 25. Qf3 Qd5 
26. Qxd5 Nxd5 27. Re1 Kf8 28. g3 b6 29. Rc1 Rc8 30. Ne3 Nge7 31. Kg2 f6 
32. Kf3 Ke8 33. g4 Kd7 34. h4 Rf8 35. a4 Ra8 36. Re1 g6 37. Rh1 h5 38. gxh5 gxh5 
39. Rg1 Rh8 40. Rg7 Ke6 41. Ke4 Rb8 42. Nxd5 cxd5+ 43. Kd3 b5 44. axb5 Rxb5 
45. Bc3 Rb8 46. Rh7 Ng6 47. Ke3 Nxh4 48. Rxh5 Nf5+ 49. Kd3 a4 50. Rh7 Ra8 
51. Rc7 a3 52. bxa3 Rxa3 53. Rc6+ Kf7 54. Rb6 Ra8 55. Rb5 Ke6 56. Rb6+ Kf7 
57. Bb4 Ra2 58. Rb7+ Ke6 59. Rb6+ Kf7 60. Rb7+ Ke6 61. Rb6+ Kf7 1/2-1/2

[Event "Friday Night Engine Tour 13 rd Swiss 3m+1s Starts at 2200hrs ST"]
[Site "Infinity Chess"]
[Date "2018.4.14"]
[Round "12"]
[White "Time_bandit"]
[Black "klasman"]
[Result "1/2-1/2"]
[ECO "B90"]
[WhiteElo "2581"]
[BlackElo "2420"]
[WhiteEngine "asmFishW_2018-02-02_popcnt"]
[BlackEngine "Raubfisch ME262_GTZ17a."]
[EventType "Swiss"]
[WhiteTeam ""]
[BlackTeam ""]
[PlyCount "110"]
[TimeControl "180+1"]

1. e4 c5 2. Nf3 d6 3. d4 cxd4 4. Nxd4 Nf6 5. Nc3 a6 6. Be3 e5 7. Nb3 Be6 
8. f3 h5 9. Qd2 Nbd7 10. Nd5 Bxd5 11. exd5 g6 12. Be2 Bg7 13. O-O O-O 
14. Na5 Qc7 15. c4 e4 16. f4 Ng4 17. Bxg4 hxg4 18. Rad1 f5 19. b4 b6 20. Nc6 Nb8 
21. Nd4 Qxc4 22. Ne6 Bc3 23. Qf2 Nd7 24. Rc1 Rf7 25. Qh4 Qxd5 26. Nc7 Qd3 
27. Qf2 Rc8 28. Rfd1 Qxd1+ 29. Rxd1 Rxc7 30. Bxb6 Nxb6 31. Qxb6 Rb7 32. Qxd6 Kh7 
33. a3 a5 34. b5 Rxb5 35. Qc6 Rb3 36. h4 gxh3 37. g4 Bg7 38. Qd5 Rbb7 
39. gxf5 gxf5 40. Rf1 Bh6 41. Kh1 Rbe7 42. Qc4 e3 43. Re1 Kg6 44. Rg1+ Kh7 
45. Qc6 Bg7 46. Qf3 Re4 47. Re1 Bd4 48. Rg1 Bg7 49. Qxh3+ Kg8 50. Qg2 Rxf4 
51. Qg5 Re4 52. Rd1 Rf6 53. Rg1 Rf7 54. Rd1 Rf6 55. Rg1 Rf7 1/2-1/2

[Event "Friday Night Engine Tour 13 rd Swiss 3m+1s Starts at 2200hrs ST"]
[Site "Infinity Chess"]
[Date "2018.4.14"]
[Round "12"]
[White "Victorious"]
[Black "Dovahkiin"]
[Result "1/2-1/2"]
[ECO "C50"]
[WhiteElo "2618"]
[BlackElo "2418"]
[WhiteEngine "Cfish_x64_060418_LTO_popcnt"]
[BlackEngine "Raubfisch ME262_GTZ16f_CTG"]
[EventType "Swiss"]
[WhiteTeam ""]
[BlackTeam ""]
[PlyCount "111"]
[TimeControl "180+1"]

1. e4 e5 2. Nf3 Nc6 3. Bc4 Bc5 4. O-O Nf6 5. d3 d6 6. c3 O-O 7. Re1 a5 
8. Nbd2 Be6 9. Bb5 h6 10. Nf1 Ne7 11. h3 Ng6 12. Ng3 c6 13. Ba4 b5 14. Bc2 a4 
15. d4 Bb6 16. Be3 Re8 17. b3 axb3 18. axb3 Rxa1 19. Qxa1 Qc7 20. b4 Qb7 
21. Qb1 Bc7 22. Qb2 Ra8 23. Ra1 Qc8 24. Ra3 Nd7 25. Rxa8 Qxa8 26. Nh5 Nb6 
27. Qc1 Qf8 28. Nd2 Bd8 29. Qe1 Nc4 30. Nxc4 Bxc4 31. Qd2 Bh4 32. Kh2 Be7 
33. dxe5 dxe5 34. Ng3 c5 35. bxc5 Bxc5 36. Nf5 Qc8 37. Bd3 Bxe3 38. Qxe3 Be6 
39. Bxb5 Bxf5 40. exf5 Qxf5 41. g3 Qe6 42. Bd3 f5 43. Qc5 Kh7 44. Bc4 Qf6 
45. Qc8 Ne7 46. Qd7 e4 47. Qc7 g5 48. Bb3 h5 49. c4 e3 50. fxe3 Qb2+ 
51. Kg1 Qc1+ 52. Kf2 Qb2+ 53. Ke1 Qc1+ 54. Kf2 Qb2+ 55. Ke1 Qc1+ 56. Kf2 1/2-1/2

[Event "Friday Night Engine Tour 13 rd Swiss 3m+1s Starts at 2200hrs ST"]
[Site "Infinity Chess"]
[Date "2018.4.14"]
[Round "11"]
[White "Dovahkiin"]
[Black "Cepri"]
[Result "1/2-1/2"]
[ECO "D31"]
[WhiteElo "2414"]
[BlackElo "2502"]
[WhiteEngine "Raubfisch ME262_GTZ16f_CTG"]
[BlackEngine "asmfishw_08A18b_CTG"]
[EventType "Swiss"]
[WhiteTeam ""]
[BlackTeam ""]
[PlyCount "77"]
[TimeControl "180+1"]

1. d4 d5 2. c4 e6 3. Nc3 c6 4. Nf3 Nf6 5. Bg5 h6 6. Bh4 dxc4 7. e4 g5 8. Bg3 b5 
9. Be2 Bb7 10. O-O Nbd7 11. Ne5 Bg7 12. Nxd7 Nxd7 13. Bd6 a6 14. a4 Bf8 
15. Bxf8 Kxf8 16. e5 c5 17. axb5 axb5 18. dxc5 Qc7 19. Qd6+ Qxd6 20. exd6 b4 
21. Rxa8+ Bxa8 22. Na4 Kg7 23. Ra1 Kf6 24. Bf3 Bxf3 25. gxf3 Rc8 26. Rc1 Ra8 
27. c6 Rxa4 28. cxd7 Ra8 29. Rxc4 Rd8 30. Rxb4 Rxd7 31. Rb6 e5 32. b4 Ke6 
33. b5 Rxd6 34. Ra6 h5 35. Kf1 Kd7 36. Ra7+ Ke6 37. Ra6 Kd7 38. Ra7+ Ke6 39. Ra6 
1/2-1/2

[Event "Friday Night Engine Tour 13 rd Swiss 3m+1s Starts at 2200hrs ST"]
[Site "Infinity Chess"]
[Date "2018.4.14"]
[Round "11"]
[White "Arch Stanton"]
[Black "Vimtiroba"]
[Result "1/2-1/2"]
[ECO "C53"]
[WhiteElo "2519"]
[BlackElo "2522"]
[WhiteEngine "stockfish_18041209_x64_bmi2_CTG"]
[BlackEngine "SF9 ''A5''_CTG"]
[EventType "Swiss"]
[WhiteTeam ""]
[BlackTeam ""]
[PlyCount "147"]
[TimeControl "180+1"]

1. e4 e5 2. Nf3 Nc6 3. Bc4 Bc5 4. c3 Nf6 5. d3 O-O 6. O-O a5 7. Re1 d6 
8. Nbd2 Ba7 9. h3 Be6 10. Bb5 Ne7 11. d4 Ng6 12. Ba4 Nh5 13. Nf1 c6 14. Bc2 Nhf4 
15. a4 exd4 16. cxd4 d5 17. e5 f6 18. Ra3 Bb8 19. exf6 Qxf6 20. N1h2 Bf5 
21. Ng4 Qf7 22. Bxf4 Bxf4 23. g3 Bd6 24. Rae3 Qd7 25. Bxf5 Qxf5 26. Kg2 h5 
27. Ngh2 h4 28. Ng4 hxg3 29. fxg3 Rf7 30. Re6 Rd8 31. Qe2 Nf8 32. Re3 Ng6 
33. Re6 Nf8 34. Re3 Ng6 35. Nfh2 Re7 36. Rxe7 Nxe7 37. Nf3 Rf8 38. b3 Kh8 
39. Nge5 Ng6 40. Qd3 Nxe5 41. Qxf5 Rxf5 42. dxe5 Be7 43. h4 Rf8 44. e6 Kh7 
45. Ne5 Rf6 46. Nd7 Rf5 47. Re5 Kg6 48. Re3 Kh7 49. Re5 Kg6 50. Re2 Kh7 
51. Re1 Kg6 52. Nb6 Rf8 53. Nd7 Rf5 54. Nb6 Rf8 55. Kh3 Re8 56. Nd7 Bb4 
57. Re2 d4 58. Kg4 Kh7 59. Re5 d3 60. Kf3 b5 61. Ke3 d2 62. Ke2 Bd6 63. Re3 Bb4 
64. Kd1 Kg8 65. g4 bxa4 66. bxa4 c5 67. e7 c4 68. Nb8 Bc5 69. Re4 c3 70. Nc6 Kf7 
71. Nd8+ Kg8 72. Nc6 Kf7 73. Nd8+ Kg8 74. Nc6 1/2-1/2

[Event "Friday Night Engine Tour 13 rd Swiss 3m+1s Starts at 2200hrs ST"]
[Site "Infinity Chess"]
[Date "2018.4.14"]
[Round "11"]
[White "RonWeasley"]
[Black "MGR"]
[Result "1/2-1/2"]
[ECO "D12"]
[WhiteElo "2507"]
[BlackElo "2510"]
[WhiteEngine "BrainFish 090218_CTG"]
[BlackEngine "Cfish 2018-04-08 64 NUMA BMI2_CTG"]
[EventType "Swiss"]
[WhiteTeam ""]
[BlackTeam ""]
[PlyCount "112"]
[TimeControl "180+1"]

1. d4 d5 2. c4 c6 3. Nf3 Nf6 4. e3 Bf5 5. Nc3 e6 6. Nh4 Bg6 7. Nxg6 hxg6 
8. Qb3 Qc7 9. g3 Nbd7 10. Bg2 Be7 11. O-O O-O 12. Bd2 Nb6 13. cxd5 cxd5 
14. Rfc1 Qd7 15. Bf1 Rfc8 16. Bb5 Qd8 17. Ne2 Rxc1+ 18. Rxc1 Rc8 19. Bd3 Rxc1+ 
20. Bxc1 Nfd7 21. Kg2 Nb8 22. Bd2 Nc6 23. Nc1 Bd6 24. Be2 Qb8 25. Qc2 Nd7 
26. Nd3 Nb6 27. Be1 Qc7 28. Nc1 a6 29. h4 Qd7 30. a3 Qc7 31. a4 Qc8 32. a5 Na8 
33. b4 Nc7 34. Nd3 Nb5 35. Qb3 Be7 36. f3 Nd6 37. Qc3 Nf5 38. Bf2 Nd6 
39. Nc5 Nb5 40. Qb3 Nc7 41. Nd3 Nb5 42. Nc5 Bxc5 43. bxc5 Nxa5 44. Qa4 Nc6 
45. Bxb5 axb5 46. Qxb5 e5 47. Qa4 Kh7 48. Qb3 Qd7 49. Qd1 e4 50. fxe4 dxe4 
51. Qb1 Qg4 52. Qxb7 Qf3+ 53. Kg1 Qd1+ 54. Kg2 Qf3+ 55. Kg1 Qd1+ 56. Kg2 Qf3+ 
1/2-1/2

[Event "Friday Night Engine Tour 13 rd Swiss 3m+1s Starts at 2200hrs ST"]
[Site "Infinity Chess"]
[Date "2018.4.14"]
[Round "11"]
[White "star99"]
[Black "OlivierEvan"]
[Result "1-0"]
[ECO "B28"]
[WhiteElo "2496"]
[BlackElo "2400"]
[WhiteEngine "Cryptic Heroes 9.4B"]
[BlackEngine "Houdini 6"]
[EventType "Swiss"]
[WhiteTeam ""]
[BlackTeam ""]
[PlyCount "72"]
[TimeControl "180+1"]

1. e4 c5 2. Nf3 a6 3. c3 e6 4. d4 d5 5. exd5 exd5 6. Bd3 c4 7. Bc2 Bd6 
8. O-O Ne7 9. b3 b5 10. a4 cxb3 11. Bd3 b4 12. cxb4 Bxb4 13. Nbd2 Nbc6 
14. Nxb3 Qd6 15. Ne5 Bf5 16. Bxf5 Nxf5 17. Qg4 Nce7 18. Nd3 O-O 19. Qh3 Rfe8 
20. g4 Bc3 21. Ba3 Qb6 22. Bc5 Qxb3 23. Ra3 Qc2 24. Rc1 Qe2 25. Raxc3 Nh6 
26. Bxe7 Qxe7 27. Ne5 Qf6 28. Qg3 Qd6 29. Rc7 f6 30. Rd7 Qb6 31. a5 Qb5 
32. Rcc7 Qb1+ 33. Kg2 fxe5 34. Rxg7+ Kh8 35. Qf3 Rf8 36. Qe2 Rae8 1-0

[Event "Friday Night Engine Tour 13 rd Swiss 3m+1s Starts at 2200hrs ST"]
[Site "Infinity Chess"]
[Date "2018.4.14"]
[Round "11"]
[White "MCDermont"]
[Black "incredible"]
[Result "1/2-1/2"]
[ECO "B90"]
[WhiteElo "2585"]
[BlackElo "2478"]
[WhiteEngine "BrainFish 090218"]
[BlackEngine "Stockfish_x64_bmi2"]
[EventType "Swiss"]
[WhiteTeam ""]
[BlackTeam ""]
[PlyCount "94"]
[TimeControl "180+1"]

1. e4 c5 2. Nf3 d6 3. d4 cxd4 4. Nxd4 Nf6 5. Nc3 a6 6. Be3 e5 7. Nb3 Be6 
8. Be2 Be7 9. Qd3 O-O 10. O-O Nbd7 11. Nd5 Bxd5 12. exd5 Rc8 13. c4 Ne8 
14. a4 Bg5 15. a5 f5 16. f4 exf4 17. Bxf4 Bxf4 18. Rxf4 Ne5 19. Qh3 Qf6 
20. Raf1 g6 21. Nd4 Ng7 22. Qc3 Rf7 23. b3 h5 24. h3 Re7 25. Re4 Kh7 
26. Re3 Rce8 27. Bd1 Rc7 28. Re2 h4 29. Rc2 Kg8 30. Qd2 Nf7 31. Bf3 Ng5 
32. b4 Qe5 33. Rcc1 Ne4 34. Bxe4 fxe4 35. Qf2 e3 36. Qxh4 g5 37. Qg4 e2 
38. Rfe1 Qe3+ 39. Kh1 Rce7 40. Nf3 Rf8 41. Rc2 Qf2 42. Rcc1 Nf5 43. Nxg5 Ng3+ 
44. Kh2 Nf1+ 45. Kh1 Ng3+ 46. Kh2 Nf1+ 47. Kh1 Ng3+ 1/2-1/2

[Event "Friday Night Engine Tour 13 rd Swiss 3m+1s Starts at 2200hrs ST"]
[Site "Infinity Chess"]
[Date "2018.4.14"]
[Round "11"]
[White "alexxx97"]
[Black "Time_bandit"]
[Result "1/2-1/2"]
[ECO "C55"]
[WhiteElo "2364"]
[BlackElo "2590"]
[WhiteEngine "stockfish_x64_modern_CTG"]
[BlackEngine "asmFishW_2018-02-02_popcnt"]
[EventType "Swiss"]
[WhiteTeam ""]
[BlackTeam ""]
[PlyCount "46"]
[TimeControl "180+1"]

1. e4 e5 2. Nf3 Nc6 3. Bc4 Nf6 4. d3 Bc5 5. O-O d6 6. c3 a5 7. Bg5 Ba7 8. Bh4 h6 
9. Na3 O-O 10. Bb3 g5 11. Bg3 Bg4 12. h3 Bh5 13. Qe2 Bg6 14. Rae1 Nh5 
15. Bh2 Nf4 16. Qd1 Qf6 17. Bxf4 gxf4 18. Kh2 Kg7 19. g3 Rg8 20. Nb5 Bb6 
21. Na3 Ba7 22. Nb5 Bb6 23. Na3 Ba7 1/2-1/2

[Event "Friday Night Engine Tour 13 rd Swiss 3m+1s Starts at 2200hrs ST"]
[Site "Infinity Chess"]
[Date "2018.4.14"]
[Round "11"]
[White "klasman"]
[Black "Victorious"]
[Result "1/2-1/2 "]
[ECO "C26"]
[WhiteElo "2411"]
[BlackElo "2627"]
[WhiteEngine "Raubfisch ME262_GTZ17a."]
[BlackEngine "Cfish_x64_060418_LTO_popcnt"]
[EventType "Swiss"]
[WhiteTeam ""]
[BlackTeam ""]
[PlyCount "151"]
[TimeControl "180+1"]

1. e4 e5 2. Nc3 Nf6 3. g3 Nc6 4. Bg2 Bc5 5. d3 O-O 6. Nge2 Re8 7. O-O Nd4 
8. Nxd4 Bxd4 9. Nd5 Nxd5 10. exd5 d6 11. c3 Bb6 12. Be3 Bd7 13. Re1 Bxe3 
14. Rxe3 f5 15. d4 e4 16. c4 a5 17. Rc1 Qg5 18. Qb3 b6 19. Qc3 Rf8 20. Rce1 h6 
21. Bf1 Be8 22. f4 Qf6 23. b3 Bf7 24. a3 Kh7 25. Be2 Rae8 26. Rf1 Re7 27. a4 Rc8 
28. g4 Bg6 29. h3 Rce8 30. Kg2 Kg8 31. Bd1 Bh7 32. Qd2 Kh8 33. Kh2 Bg8 
34. Be2 Bh7 35. Bd1 Bg8 36. Be2 Bf7 37. Qc3 Bg6 38. Bd1 Kg8 39. Qd2 Bf7 
40. Be2 Kh7 41. Qd1 Kh8 42. Kg3 Rb8 43. Qd2 c6 44. dxc6 d5 45. Rc3 Qxc6 
46. Qe3 Qd6 47. cxd5 Bxd5 48. gxf5 Rf7 49. Bg4 Rg8 50. Kh2 Rf6 51. Rf2 Rgf8 
52. Rg2 R6f7 53. h4 Qf6 54. h5 Rd8 55. Rgc2 Qh4+ 56. Qh3 Qf6 57. Qe3 Rfd7 
58. Rc8 Rxc8 59. Rxc8+ Rd8 60. Rxd8+ Qxd8 61. Kh3 Qc8 62. Qd2 Qc6 63. Bd1 Bf7 
64. Kg3 Qd5 65. b4 e3 66. Qxe3 axb4 67. Qe5 Kg8 68. Bf3 Qb3 69. Qb8+ Kh7 
70. Qb7 Kg8 71. Qc8+ Kh7 72. Qb7 Kg8 73. f6 gxf6 74. Qxb6 Kg7 75. Qb7 Qc3 
76. Kg2 1/2-1/2